 Dungeon Crawl Stone Soup version 0.30-a0-996-ga6910c8ee8 (webtiles) character file.

Game seed: 14916493732910117455

416 Pimp the Shooter (level 6, -2/49 HPs)
             Began as a Barachi Hunter on Apr 4, 2023.
             Killed from afar by an orc wizard (6 damage)
             ... with a magic dart
             ... on level 4 of the Dungeon.
             The game lasted 00:15:12 (3836 turns).

Pimp the Shooter (Barachi Hunter)                   Turns: 3836, Time: 00:15:13

Health: -2/49      AC:  5    Str: 12    XL:     6   Next: 92%
Magic:  0/9        EV: 12    Int: 21    God:
Gold:   66         SH:  0    Dex: 15    Spells: 10/10 levels left

rFire   + + .      SeeInvis .    f - +7 glaive of Demonkind {heavy, rF+ Dex+3}
rCold   + . .      Faith    .    (shield currently unavailable)
rNeg    . . .      Spirit   +    o - +0 ring mail
rPois   .          Reflect  .    (no helmet)
rElec   .          Rampage  .    p - scarf {rC+ rF+}
rCorr   .                        (no gloves)
Will    .....                    (no boots)
Stlth   +                        d - amulet of guardian spirit
HPRegen 0.28/turn                i - +6 ring of intelligence
MPRegen 0.11/turn                (no ring)

@: slow
A: amphibious, slowness 1, strong legs 1, +LOS, clever 1, clumsy 1
a: Hop


You were on level 4 of the Dungeon.
You visited 1 branch of the dungeon, and saw 4 of its levels.
You also visited: Ossuary.

You collected 434 gold pieces.
You spent 368 gold pieces at shops.

Inventory:

Hand Weapons
 a - a +1 shortbow
 f - the +7 glaive of Demonkind (weapon) {heavy, rF+ Dex+3}
   (You bought it in a shop on level 4 of the Dungeon)

   Dex:       It affects your dexterity (+3).
   rF:        It protects you from fire.
 j - a +2 short sword of speed
Armour
 c - a +0 leather armour
 o - a +0 ring mail (worn)
 p - a scarf of resistance (worn)
Jewellery
 d - an amulet of guardian spirit (around neck)
 i - a +6 ring of intelligence (left hand)
Wands
 n - a wand of mindburst (14)
 q - a wand of quicksilver (2)
Scrolls
 b - 2 scrolls of immolation
 k - a scroll of identify
 t - a scroll of amnesia
Potions
 e - 2 potions of might
 g - 2 potions of flight
 h - a potion of lignification {unknown}
 m - a potion of brilliance {unknown}
 r - a potion of attraction {unknown}
 w - a potion of invisibility {unknown}


   Skills:
 + Level 4.4 Fighting
 * Level 0.4 Polearms
 + Level 4.9 Ranged Weapons
 + Level 3.2 Armour
 + Level 4.0 Dodging
 - Level 1.0 Stealth
 + Level 2.6 Spellcasting


You had 10 spell levels left.
You didn't know any spells.
Your spell library contained the following spells:

 Spells                   Type           Power      Damage    Failure   Level
 Cigotuvi's Dreadful Rot  Necr/Pois/Air  4%         N/A       41%         2
 Poisonous Vapours        Pois/Air       4%         N/A       41%         2
 Call Canine Familiar     Summ           2%         N/A       65%         3
 Mephitic Cloud           Conj/Pois/Air  2%         N/A       65%         3
 Portal Projectile        Hex/Tloc       4%         N/A       65%         3
 Leda's Liquefaction      Hex/Erth       1%         N/A       96%         4


Dungeon Overview and Level Annotations

Branches:
Dungeon (4/15)            Ossuary (visited)
 Temple: D:4-7

Altars:
Uskayaw

Shops:
D:3 !   D:4 (

Annotations:
D:1 2 transporters
D:3 1 runed translucent door, Crazy Yiuf


Innate Abilities, Weirdness & Mutations

You are amphibious.
You cover ground slowly.
You can hop short distances.
You have an extended range of vision and can be seen from far away.
Your mind is acute. (Int +4, Str/Dex -1)
You are clumsy. (Dex -2)


Message History

* * * LOW HITPOINT WARNING * * *
The orc hits you with a +0 club.
* * * LOW HITPOINT WARNING * * *
Something hits you.
* * * LOW HITPOINT WARNING * * *
The orc hits you but does no damage. The orc closely misses you.
The orc barely misses you.
You slice the orc!!
You kill the orc!
Something hits you but does no damage. The orc hits you but does no damage. x2
You hear some strange, mumbled words.
A puff of flame appears from out of thin air!
The puff of flame hits you. You resist.
* * * LOW HITPOINT WARNING * * *
The orc hits you but does no damage. x2; Something hits you but does no damage.
The orc misses you.
You hit the orc.
The orc is lightly wounded.
The orc closely misses you. Something hits you but does no damage.
The orc hits you but does no damage. The orc misses you.
Something hits you but does no damage. The orc misses you.
The orc closely misses you. Something hits you but does no damage.
You closely miss the orc.
The orc is lightly wounded.
The orc closely misses you. The orc misses you. Something hits you.
The orc barely misses you. x2; Something barely misses you.
The orc hits you but does no damage.
You feel better. The orc hits you with a +0 club.
* * * LOW HITPOINT WARNING * * *
Something hits you.
* * * LOW HITPOINT WARNING * * *
The orc hits you with a +0 club.
* * * LOW HITPOINT WARNING * * *
You slice the orc!!
You kill the orc!
Something hits you but does no damage. The orc hits you but does no damage.
You hear some strange, mumbled words.
A magic dart appears from out of thin air!
The magic dart hits you!
You die...

###..###>.......
#....####.......
#...∩(..#.......
####....#.......
#..#######... #..##..#
... ##.....###... #####
#####.......
####.@{########.......
#...))o..†......#...##
#...~~~.≈~≈..##..#~~≈≈≈
#.~.~~~~~........#...##
#...~~..~.......## #...
#####~~.~......... ...
~≈.≈.♣~.......... ##
~♣.≈#≈~...........
#..≈.♣~~..~........


You could see an orc.

Vanquished Creatures
  An orc priest (D:4)
  Jessica (D:3)
  Ijyb (D:3)
  Natasha (D:3)
  An orc wizard (D:4)
  9 mummies
  4 gnolls (D:3)
  6 adders
  A worm (D:4)
  2 dart slugs
  9 orcs
  8 ball pythons
  4 bats
  6 endoplasms
  2 giant cockroaches
  7 hobgoblins
  2 frilled lizards
  3 gnoll zombies (Ossuary)
  6 goblins
  2 hobgoblin zombies (Ossuary)
  4 kobolds
  3 orc zombies (Ossuary)
  3 rats
86 creatures vanquished.

Vanquished Creatures (others)
  A kobold (D:3)
  A goblin (D:4)
2 creatures vanquished.

Grand Total: 88 creatures vanquished

Notes
Turn   | Place    | Note
-------+----------+-------------------------------------------
     0 | D:1      | Pimp the Barachi Hunter began the quest for the Orb.
     0 | D:1      | Reached XP level 1. HP: 17/17 MP: 1/1
    99 | D:1      | Reached skill level 1 in Stealth
   262 | D:1      | Reached XP level 2. HP: 21/23 MP: 2/2
   621 | D:2      | Reached skill level 1 in Armour
   624 | D:2      | Reached XP level 3. HP: 28/28 MP: 2/4
   838 | D:2      | Reached skill level 1 in Spellcasting
  1820 | D:3      | Noticed Natasha
  1831 | D:3      | Killed Natasha
  1832 | D:3      | Reached XP level 4. HP: 27/35 MP: 4/6
  2073 | D:3      | Noticed Jessica
  2077 | D:3      | Killed Jessica
  2078 | D:3      | Reached XP level 5. HP: 41/41 MP: 7/7
  2086 | D:3      | Found Cor Exut's Distillery.
  2735 | D:3      | Identified the +3 hammer of Governance {freeze, rElec MP+9
                  | Int-3 SInv}
  2738 | D:3      | Found a runed translucent door.
  2739 | D:3      | Noticed Crazy Yiuf
  2913 | D:4      | Noticed Ijyb
  2918 | D:4      | Noticed an ogre
  2935 | D:3      | Killed Ijyb
  3040 | D:4      | Reached XP level 6. HP: 8/48 MP: 2/9
  3146 | D:4      | Found a sand-covered staircase.
  3179 | Ossuary  | Entered an ossuary
  3756 | D:4      | Gained mutation: You are clumsy. (Dex -2) [potion of
                  | mutation]
  3756 | D:4      | Gained mutation: Your mind is acute. (Int +4, Str/Dex -1)
                  | [potion of mutation]
  3766 | D:4      | Found a hide-covered altar of Uskayaw.
  3778 | D:4      | Found Wuelar's Antique Weapon Shoppe.
  3783 | D:4      | Bought a slimy glaive for 368 gold pieces
  3783 | D:4      | Identified the +7 glaive of Demonkind {heavy, rF+ Dex+3}
                  | (You bought it in a shop on level 4 of the Dungeon)
  3819 | D:4      | HP: 1/49 [something/magic dart (8)]
  3836 | D:4      | Killed from afar by an orc wizard

Illustrated notes

Levels and vault maps discovered:
D:1:      spicycebolla_arrival_transporter_tutorial, layout_basic
D:2:      layout_basic
D:3:      layout_loops_ring, serial_shops, shop, bh_walls_and_bars,
          uniq_natasha, uniq_jessica, uniq_crazy_yiuf_cottage
D:4:      layout_rooms, mainiacjoe_overflow_tiny_flanked, serial_rivers,
          chequers_serial_rivers_small_a, chequers_serial_rivers_marsh,
          chequers_serial_rivers_micro_b, chequers_serial_rivers_marsh,
          chequers_serial_rivers_micro_e, serial_shops, nicolae_square_shop,
          gup_ossuary_entry_pyramid, gammafunk_ghost_cemetery, uniq_ijyb,
          uniq_edmund

Skill      XL: |  1  2  3  4  5  6 |
---------------+-------------------+-----
Stealth        | 1 |  1.0
Armour         | 1 2 3 |  3.2
Fighting       | 3 4 |  4.4
Spellcasting   | 1 2 |  2.6
Dodging        | 3 4 |  4.0
Polearms       | |  0.4
Ranged Weapons | |  4.9

Action                     |  1- 3 |  4- 6 || total
---------------------------+-------+-------++-------
  Melee: Glaive            |       |    10 ||    10
   Fire: Shortbow          |   106 |   242 ||   348
    Use: Scroll            |       |    12 ||    12
         Potion            |       |     8 ||     8
 Armour: Leather armour    |    12 |       ||    12
         Ring mail         |       |    80 ||    80
  Dodge: Dodged            |    45 |   136 ||   181

Table legend: (Time is in decaauts)
 A = Elapsed time spent in this place.
 B = Non-inter-level travel time spent in this place.
 C = Inter-level travel time spent in this place.
 D = Time resting spent in this place.
 E = Time spent auto-exploring this place.
 F = Levels seen in this place.
 G = Mean time per level.
                   A        B        C        D        E       F      G
               +--------+--------+--------+--------+--------+-----+--------+
         Total |   4501 |   4323 |    178 |    594 |   2595 |   5 |  900.2 |
       Dungeon |   4013 |   3835 |    178 |    425 |   2445 |   4 | 1003.2 |
       Ossuary |    488 |    488 |      0 |    169 |    149 |   1 |  488.0 |
               +--------+--------+--------+--------+--------+-----+--------+

Top non-repeatable levels by time:
     D:3: 1425 daAuts
     D:2: 1389 daAuts
     D:1: 730 daAuts
 Ossuary: 488 daAuts
     D:4: 467 daAuts
